 Dungeon Crawl Stone Soup version 0.26.1-11-gd32895ea62 (webtiles) character file.

Game seed: 9189871152645307674

431 Zeld the Chucker (level 7, -4/46 HPs)
             Began as an Octopode Fighter on May 11, 2021.
             Slain by a bullfrog (7 damage)
             ... on level 5 of the Dungeon.
             The game lasted 00:06:04 (5547 turns).

Zeld the Chucker (Octopode Fighter)                 Turns: 5547, Time: 00:06:04

Health: -4/46      AC:  1    Str: 18    XL:     7   Next: 0%
Magic:  12/12      EV: 11    Int: 10    God:
Gold:   236        SH:  9    Dex: 11    Spells: 13/13 levels left

rFire    . . .     SeeInvis .   a - +0 war axe
rCold    . . .     Faith    .   b - +0 kite shield
rNeg     . . .     Spirit   .   (helmet restricted)
rPois    .         Reflect  .   (no amulet)
rElec    .         Harm     .   (no ring)
rCorr    .         Rampage  .   (no ring)
Will     .....                  (no ring)
Stlth    ++........             (no ring)
HPRegen  0.15/turn              (no ring)
MPRegen  0.13/turn              (no ring)
                                (no ring)
                                (no ring)

@: no status effects
A: almost no armour, stealthy swim, amphibious, 8 rings, constrict 8, camouflage
1, gelatinous body 1
a: no special abilities


You were on level 5 of the Dungeon.
You visited 1 branch of the dungeon, and saw 5 of its levels.

You collected 236 gold pieces.

Inventory:

Hand Weapons
 a - a +0 war axe (weapon)
Missiles
 g - 19 poisoned darts (quivered)
 q - 13 boomerangs
 C - 8 javelins
Armour
 b - a +0 kite shield (worn)
Jewellery
 e - a +6 ring of dexterity {unknown}
Wands
 p - a wand of flame (23)
 y - a wand of acid (8)
Scrolls
 m - 3 scrolls of teleportation
 o - a scroll of amnesia
 r - a scroll of remove curse
 v - a scroll of noise {unknown}
 w - 2 scrolls of enchant armour {unknown}
 x - a scroll of fog {unknown}
 z - a scroll of fear {unknown}
 A - 2 scrolls of magic mapping {unknown}
Potions
 c - 2 potions of might
 d - a potion of heal wounds {unknown}
 i - a potion of lignification {unknown}
 j - a potion of invisibility {unknown}
 l - a potion of haste {unknown}
 n - a potion of brilliance {unknown}
 s - a potion of attraction {unknown}
 t - a potion of berserk rage {unknown}
 u - a potion of flight {unknown}


   Skills:
 - Level 3.3 Fighting
 - Level 2.5 Axes
 * Level 4.2 Throwing
 - Level 3.0 Dodging
 - Level 3.3 Shields
 * Level 3.9 Spellcasting


You had 13 spell levels left.
You didn't know any spells.
Your spell library was empty.

Dungeon Overview and Level Annotations

Branches:
Dungeon (5/15)
 Temple: D:4-7

Altars:
Makhleb
The Shining One

Annotations:
D:5 Pikel


Innate Abilities, Weirdness & Mutations

You cannot wear most types of armour.
You are very stealthy in the water. (Stealth+)
You are amphibious.
You can wear up to eight rings at the same time.
You can use your tentacles to constrict eight enemies at once.
Your skin changes colour to match your surroundings (Stealth+).
Your rubbery body absorbs attacks. (AC +1, EV +1)


Message History

As you read the scroll of blinking, it crumbles to dust.
Unknown command.
Throw: 21 darts (poison)
Press: ? - help, Q - select action, (/) - cycle Shift-Dir - straight line, f - bullfrog
Aim: a bullfrog (severely wounded, 51% to hit)
You throw a poisoned dart.
The poisoned dart barely misses the bullfrog.
Unknown command.
Throw: 20 darts (poison)
Press: ? - help, Q - select action, (/) - cycle Shift-Dir - straight line, f/p - bullfrog
Aim: a bullfrog (severely wounded, 50% to hit)
You throw a poisoned dart. The poisoned dart hits the bullfrog!
The bullfrog is poisoned.
The bullfrog is severely wounded.
You closely miss the bullfrog. Your grab misses the bullfrog.
The bullfrog is severely wounded.
The bullfrog hits you!
* * * LOW HITPOINT WARNING * * *
The bullfrog hits you!
You die...

.....5.O.O5#
#.#.##..#.#.#######.
.......5.#5# #....#..#.#.#
#####. .........#.#
###..#..#.#.# #....<
##########ยง#####..#..#...#
#.#### #.F...(..#......#
#.# # #######.##..##..#
#.#### #(##..##.## #.....
#F#...##.# ######
#@##.###.# #####.##.# #.#
.........###.#########
.####.................
#.........#########
#.######### ... ####


You could see a bullfrog (very poisoned).

Vanquished Creatures
  A sky beast (D:5)
  2 scorpions
  2 orc priests
  A worker ant (D:3)
  A worker ant zombie (D:5)
  5 adders
  2 adder skeletons (D:4)
  2 worms (D:3)
  A dart slug (D:1)
  4 leopard geckos
  6 orcs
  10 bats
  2 giant cockroaches
  9 goblins
  9 hobgoblins
  7 jackals (D:3)
  6 kobolds
  2 quokkas (D:2)
  A ball python (D:2)
  6 frilled lizards
  A jackal zombie (D:5)
  7 rats
87 creatures vanquished.

Vanquished Creatures (others)
  4 plants (D:2)
4 creatures vanquished.

Grand Total: 91 creatures vanquished

Notes
Turn   | Place    | Note
-------+----------+-------------------------------------------
     0 | D:1      | Zeld the Octopode Fighter began the quest for the Orb.
     0 | D:1      | Reached XP level 1. HP: 16/16 MP: 1/1
   117 | D:1      | Reached XP level 2. HP: 17/21 MP: 2/2
   668 | D:1      | Reached XP level 3. HP: 26/26 MP: 3/3
  1157 | D:2      | Reached skill level 1 in Throwing
  1157 | D:2      | Reached skill level 1 in Spellcasting
  1337 | D:2      | Found a glowing golden altar of the Shining One.
  1434 | D:2      | Reached XP level 4. HP: 31/31 MP: 5/5
  2524 | D:3      | Reached skill level 2 in Throwing
  2524 | D:3      | Reached XP level 5. HP: 28/36 MP: 6/8
  3508 | D:2      | Reached skill level 3 in Throwing
  3809 | D:3      | Reached XP level 6. HP: 42/42 MP: 10/10
  5167 | D:5      | Entered Level 5 of the Dungeon
  5232 | D:5      | Noticed a sky beast
  5248 | D:5      | Killed a sky beast
  5249 | D:5      | Reached skill level 4 in Throwing
  5487 | D:5      | Found a burning altar of Makhleb.
  5523 | D:5      | Noticed Pikel
  5526 | D:5      | Reached XP level 7. HP: 46/46 MP: 12/12
  5547 | D:5      | Slain by a bullfrog

Illustrated notes

Levels and vault maps discovered:
D:1:      nicolae_arrival_memento_mori, layout_loops_ring, minmay_pentomino_r2
D:2:      layout_loops_ring, tso_oasis_becter
D:3:      layout_basic, serial_co_window_serial, co_window_corner_a,
          co_window_paths_b, co_window_corner_a, co_window_paths_a,
          co_window_corner_a, co_window_unsneaky_path_e, co_window_paths_c,
          co_window_of_opportunity_c, co_window_corner_b, co_window_broadway_b,
          co_window_broadway_b, co_window_corner_cb, co_window_4corner_a,
          co_window_sun, glass_columns_b, glass_columns_a, glass_columns_c
D:4:      layout_loops_ring
D:5:      layout_basic, minitemple, minmay_temple_entry_from_below_a,
          basic_altar, uniq_pikel

Skill      XL: |  1  2  3  4  5  6 |
---------------+-------------------+-----
Throwing       | 1 2 3 4 |  4.2
Spellcasting   | 1 2 3 |  3.9
Fighting       | |  3.3
Axes           | |  2.5
Dodging        | |  3.0
Shields        | |  3.3

Action                   |  1- 3 |  4- 6 |  7- 9 || total
-------------------------+-------+-------+-------++-------
Melee: War axe           |    63 |   105 |     7 ||   175
       Constrict         |    19 |    28 |     1 ||    48
       Tentacles         |     9 |    13 |     1 ||    23
Throw: Dart              |       |     7 |     2 ||     9
  Use: Scroll            |       |     6 |     1 ||     7
       Potion            |       |     4 |       ||     4
 Stab: Sleeping          |     2 |     7 |       ||     9
Armor: Skin              |     9 |    18 |       ||    27
Dodge: Dodged            |    29 |    64 |     7 ||   100
Block: Kite shield       |    24 |    82 |     5 ||   111
